Cogmind - Beta 12 *** ADVENTURER MODE // 2023.05.08 @ 12:33:53 Player: Deep Beef Result: Destroyed by D-53 Grenadier with Mini Grenade Launcher Performance ------------- Evolutions (0) 0 Regions Visited (2) 400 Robots Destroyed (18) 90 Value Destroyed (208) 208 Prototype IDs (2) 40 Alien Tech Used (0) 0 Bonus (0) 0 TOTAL SCORE: 738 Bonus ------- None Cogmind --------- Core Integrity 0/250 Matter 300/300 Energy 125/125 System Corruption 3% Temperature Cool (18) Movement Core (450) Ox8 Location -10/Mines Parts ------- > --- POWER (1) -------- Light Ion Engine > --- PROPULSION (2) --- (None) > --- UTILITY (2) ------ Large Storage Unit > --- WEAPON (2) ------- Improved Light Cannon > --- INVENTORY (15) --- Ion Engine Large Storage Unit Structural Scanner Terrain Scanner Medium Armor Plating Medium Armor Plating EM Pulse Gun Medium Laser Improved Light Cannon Improved Light Cannon Improved Light Cannon Mini Grenade Launcher Hammer Peak State ------------ > --- POWER ------------ Ion Engine > --- PROPULSION ------- Aluminum Leg Aluminum Leg > --- UTILITY ---------- Large Storage Unit Core Shielding > --- WEAPON ----------- EM Pulse Gun Improved Light Cannon > --- INVENTORY -------- Light Ion Engine Large Storage Unit Structural Scanner Terrain Scanner EM Pulse Gun Medium Laser Improved Light Cannon Mini Grenade Launcher Hammer [Rating: 9] Favorites ----------- Power Light Ion Engine Engine Light Ion Engine Propulsion Aluminum Leg Leg Aluminum Leg Utility Core Shielding Storage Large Storage Unit Protection Core Shielding Weapon EM Pulse Gun Energy Gun EM Pulse Gun Ballistic Gun Light Assault Rifle Ballistic Cannon Improved Light Cannon Build | -11 -10 -10 ------- Run | Jun Mat Min Slots Evolved . | . . . Power . | . . . Propulsion . | . . . Utility . | . . . Weapon . | . . . Parts Attached 14 | 6 8 . Power 2 | 1 1 . Engine 2 | 1 1 . Core . | . . . Reactor . | . . . Propulsion 2 | 2 . . Treads . | . . . Leg 2 | 2 . . Wheel . | . . . Hover . | . . . Flight . | . . . Utility 3 | 1 2 . Device . | . . . Storage 2 | 1 1 . Processor . | . . . Hackware . | . . . Protection 1 | . 1 . Artifact . | . . . Weapon 7 | 2 5 . Energy Gun 4 | 1 3 . Energy Cannon . | . . . Ballistic Gun 2 | 1 1 . Ballistic Cannon 1 | . 1 . Launcher . | . . . Special Weapon . | . . . Impact Weapon . | . . . Slashing Weapon . | . . . Piercing Weapon . | . . . Special Melee Weapon . | . . . Unidentified Prototypes . | . . . Parts Lost 4 | . . 4 Power . | . . . Propulsion 2 | . . 2 Utility 1 | . . 1 Weapon 1 | . . 1 Highest Loss Streak 4 | . . 4 To Critical Strikes . | . . . Average Slot Usage (%) 99 | . 99 91 Engine 14 | . 14 14 Leg 27 | . 28 22 Storage 14 | . 14 14 Protection 13 | . 13 11 Energy Gun 14 | . 14 14 Ballistic Gun 4 | . 4 . Ballistic Cannon 9 | . 9 14 Naked Turns . | . . . Heaviest Build 32 | 12 32 30 Greatest Support 20 | 20 20 20 Greatest Overweight (x) 3 | 3 1 1 Average Overweight (x) . | . . 1 Largest Inventory Capacity 15 | 8 15 15 Average Capacity 12 | 7 13 15 Most Carried 13 | 1 13 13 Average Carried 9 | . 9 13 Final Capacity 15 | 8 15 15 Final Carried 13 | 1 13 13 Class Distribution -------------------- 100% | Mutant Dominant Class ---------------- Mutant | -10/Materials Mutant | -10/Mines Resources | -11 -10 -10 ----------- Run | Jun Mat Min Matter Collected 419 | 193 226 . Remotely . | . . . Salvage Created 376 | . 376 . Parts 49 | . 49 . Haulers Intercepted 2 | . 2 . Recyclers Shooed . | . . . Parts Field Recycled . | . . . Retrieved Matter . | . . . Parts Self-Destructed . | . . . Prevented . | . . . Kills | -11 -10 -10 ------- Run | Jun Mat Min Combat Hostiles Destroyed 9 | . 9 . Guns 7 | . 7 . Cannons 2 | . 2 . Classes Destroyed 7 | . 7 . Worker 1 | . 1 . Builder 2 | . 2 . Tunneler 1 | . 1 . Hauler 2 | . 2 . Watcher 3 | . 3 . Swarmer 7 | . 7 . Grunt 2 | . 2 . Best Kill Streak 4 | . 4 . Combat Bots Only 3 | . 3 . Max Kills in Single Turn 2 | . 2 . Gunslinging . | . . . Exploded . | . . . Melee . | . . . Uniques/NPCs Destroyed . | . . . Combat | -11 -10 -10 -------- Run | Jun Mat Min Damage Taken 875 | . 244 631 Core 262 | . 98 164 Absorbed by Shields . | . . . Redirected to Shielding 53 | . 18 35 Core Remaining (%) 100 | 100 . . Volleys Fired 30 | . 29 1 Largest 2 | . 2 2 Hottest 79 | . 79 79 Shots Fired 59 | . 57 2 Gun 44 | . 43 1 Cannon 15 | . 14 1 Launcher . | . . . Special . | . . . Kinetic 30 | . 29 1 Thermal 14 | . 14 . Explosive . | . . . Electromagnetic 15 | . 14 1 Robot Hit Streak 7 | . 6 7 Robot Miss Streak 2 | . 2 1 Penetration Max . | . . . Secondary Targets 1 | . 1 . Max Gunslinging Chain 1 | . 1 . Shots Hit Robots 36 | . 35 1 Core Hits 22 | . 22 . Critical Kills . | . . . Critical Parts Destroyed . | . . . Critical Strikes . | . . . Melee Attacks . | . . . Impact . | . . . Slashing . | . . . Piercing . | . . . Sneak Attacks . | . . . Combat Hostiles . | . . . Follow-up Attacks . | . . . Damage Inflicted 571 | . 559 12 Guns 325 | . 313 12 Cannons 246 | . 246 . Explosions . | . . . Melee . | . . . Ramming . | . . . Kinetic 336 | . 336 . Thermal 120 | . 120 . Explosive . | . . . Electromagnetic 115 | . 103 12 Impact . | . . . Slashing . | . . . Piercing . | . . . Highest Corruption 3 | . . 3 Average Corruption 3 | . . 3 Corruption Purged . | . . . Corruption Blocked . | . . . Overload Shots . | . . . Overflow Damage 8 | . 8 . Projectiles 8 | . 8 . Explosions . | . . . Melee . | . . . Knockbacks 2 | . 2 . Impact . | . . . Kinetic 2 | . 2 . Secondary . | . . . Self-Inflicted Damage . | . . . Shots . | . . . Rammed . | . . . Targets Rammed . | . . . Kicked . | . . . Crushed . | . . . Highest Temperature 72 | . 72 18 Average Temperature 27 | . 28 12 Received Heat Transfer 78 | . 66 12 Siege Activations . | . . . Robots Corrupted . | . . . Combat Hostiles . | . . . Parts Fried . | . . . Impact Corruptions . | . . . Robots Melted . | . . . Combat Hostiles . | . . . Parts Melted . | . . . Heat Transferred 275 | . 275 . Parts Sabotaged . | . . . Parts Stolen . | . . . Parts Stripped . | . . . Power Chain Reactions . | . . . Missiles Intercepted . | . . . Alert | -11 -10 -10 ------- Run | Jun Mat Min Peak Influence 167 | . 167 8 Initial 8 | . . 8 Average 46 | . 50 7 Maximum Alert Level . | . . . Low Security (%) 100 | 100 100 100 Level 1 . | . . . Level 2 . | . . . Level 3 . | . . . Level 4 . | . . . Level 5 . | . . . High Security . | . . . Max Security . | . . . Squads Dispatched 2 | . 2 . Investigation 2 | . 2 . Extermination . | . . . Reinforcement . | . . . Assault . | . . . Garrison . | . . . Intercept . | . . . Searches Triggered . | . . . Construction Impeded . | . . . Haulers Reinforced . | . . . Active Scanning Responses . | . . . Cargo Convoy Interrupts . | . . . Stealth | -11 -10 -10 --------- Run | Jun Mat Min Distress Signals . | . . . Communications Jammed . | . . . Distress Signals . | . . . Times Spotted 19 | . 17 2 Peak Tracking Total 3 | . 3 2 Tactical Retreats . | . . . Traps | -11 -10 -10 ------- Run | Jun Mat Min Traps Triggered 2 | . 2 . Indirectly . | . . . Trap Hack Attempts . | . . . Triggered . | . . . Disarmed . | . . . Reprogrammed . | . . . Reused . | . . . Traps Extracted . | . . . Installed . | . . . Triggered . | . . . Machines | -11 -10 -10 ---------- Run | Jun Mat Min Machines Disabled . | . . . Max in Single Turn . | . . . Machines Repaired . | . . . Machines Sabotaged . | . . . Overloaded Fab Kills . | . . . Hacking | -11 -10 -10 --------- Run | Jun Mat Min Machines Accessed 8 | . 8 . Terminals 8 | . 8 . Fabricators . | . . . Repair Stations . | . . . Recycling Units . | . . . Scanalyzers . | . . . Garrison Access . | . . . Total Hacks 31 | . 31 . Successful 21 | . 21 . Failed 10 | . 10 . Catastrophic . | . . . Database Lockouts . | . . . Manual 13 | . 13 . Terminals 31 | . 31 . Fabricators . | . . . Repair Stations . | . . . Recycling Units . | . . . Scanalyzers . | . . . Garrison Access . | . . . Terminal Hacks 14 | . 14 . Robot Analysis 2 | . 2 . Prototype ID Bank 1 | . 1 . Branch Access Points 1 | . 1 . Emergency Access Points 1 | . 1 . Terminal Index 1 | . 1 . Alert Level 1 | . 1 . Unreport Threat 1 | . 1 . Locate Traps 3 | . 3 . Hauler Manifests 1 | . 1 . Zone Layout 2 | . 2 . Fabricator Hacks . | . . . Repair Station Hacks . | . . . Recycling Unit Hacks . | . . . Scanalyzer . | . . . Garrison Access Hacks . | . . . Unauthorized Hacks 7 | . 7 . Terminals 7 | . 7 . Assimilate 1 | . 1 . Botnet 6 | . 6 . Fabricators . | . . . Repair Stations . | . . . Recycling Units . | . . . Scanalyzers . | . . . Garrison Access . | . . . Data Cores Recovered . | . . . Used . | . . . Hacking Detections 6 | . 6 . Full Trace Events 1 | . 1 . Feedback Events . | . . . Feedback Blocked . | . . . Robot Schematics Acquired . | . . . Robots Built . | . . . Authchips . | . . . Time . | . . . Total Robot Build Rating . | . . . Part Schematics Acquired . | . . . Parts Built . | . . . Authchips . | . . . Time . | . . . Total Part Build Rating . | . . . Parts Repaired . | . . . Time . | . . . Parts Recycled . | . . . Recycled Matter . | . . . Retrieved Matter . | . . . Retrieved Components . | . . . Parts Scanalyzed . | . . . Part Schematics Acquired . | . . . Parts Damaged . | . . . Bothacking | -11 -10 -10 ------------ Run | Jun Mat Min Used RIF Installer . | . . . Robots Hacked . | . . . Non-combat . | . . . Combat . | . . . Robot Hacks Applied . | . . . Relay Couplers Released . | . . . Fabnet Peak Effective % . | . . . Robots Rewired . | . . . Allies Hacked . | . . . Hacks Repelled . | . . . Allies | -11 -10 -10 -------- Run | Jun Mat Min Total Allies . | . . . Largest Group . | . . . Highest-Rated Group . | . . . Highest-Rated Ally . | . . . Total Orders . | . . . Ally Attacks . | . . . Total Damage . | . . . Kills . | . . . Allies Corrupted . | . . . Allies Melted . | . . . Intel | -11 -10 -10 ------- Run | Jun Mat Min Robot Analysis Total 2 | . 2 . Derelict Logs Recovered . | . . . Drone Launches . | . . . Drone Recoveries . | . . . Exploration | -11 -10 -10 ------------- Run | Jun Mat Min Turns Passed 1270 | 47 1180 43 Spaces Moved 677 | 29 627 21 Core 4 | 4 . . Treads . | . . . Legs 673 | 25 627 21 Wheels . | . . . Hover . | . . . Flight . | . . . Fastest Speed 50 | 50 120 190 Average Speed 164 | 129 165 190 Slowest Speed 200 | 200 190 190 Overloaded Moves . | . . . Propulsion Burnouts . | . . . Robots Hopped . | . . . Cave-ins Triggered 1 | . . 1 Exploration Rate (%) 38 | 4 99 11 Regions Visited 2 Branch Regions 1 Pre-discovered Areas . | . . . Known Exits Taken 1 | . 1 . Unknown Exits Taken 1 | 1 . . Scrap Searched . | . . . Spaces Dug . | . . . Terrain Destroyed . | . . . Melee . | . . . Projectile . | . . . AOE . | . . . Terrain Rammed . | . . . Walls Destroyed . | . . . Machines Disabled . | . . . Actions | -11 -10 -10 --------- Run | Jun Mat Min Total 769 | 35 712 22 Wait 28 | . 28 . Move 675 | 28 626 21 Hop . | . . . Pick Up 17 | 1 16 . Fast Attach 7 | 6 1 . Attach . | . . . Detach . | . . . Swap 7 | . 7 . Drop 5 | . 5 . Fire 30 | . 29 1 Melee . | . . . Ram . | . . . Kick . | . . . Crush . | . . . Escape Stasis . | . . . Rewire . | . . . Trap . | . . . Miscellaneous . | . . . Route ------- -11/Junkyard -10/Materials (discovered 5 exits: [*Mat x3] / *Min x2) -10/Mines (discovered 1 exit: [*Mat]) History --------- Turn | Location | Event 25 | -11/Junkyard | Discovered new exit (range 15) 48 | -11/Junkyard | Entered Materials 164 | -10/Materials | Discovered new exit (range 12) 273 | -10/Materials | Identified exit to Mines 308 | -10/Materials | Build established: Mutant 319 | -10/Materials | Discovered new exit (range 9) 650 | -10/Materials | Discovered new exit (range 15) 1007 | -10/Materials | Discovered new exit (range 7) 1228 | -10/Materials | Entered Mines 1234 | -10/Mines | Discovered new exit (range 13) 1243 | -10/Mines | Assembled infested the area 1268 | -10/Mines | Core integrity fell below 50% 1269 | -10/Mines | Crushed by falling debris 1269 | -10/Mines | Core integrity fell below 20% 1271 | -10/Mines | Destroyed by D-53 Grenadier with Mini Grenade Launcher Last Messages --------------- K-01 Serf collects debris. ALERT: Infestation in the mines, dispatching Demolisher response squad. C-30 ARC bursts open, deploying its payload. D-53 Grenadier unfolds itself. The unstable cave ceiling collapses. K-01 Serf destroyed. K-01 Serf collects debris. U-05 Engineer lays Concrete. Plasma Injector explodes. Aluminum Leg destroyed. R-06 Scavenger collects Wheel. K-01 Serf collects debris. The unstable cave ceiling collapses. Crushed by falling debris. Aluminum Leg destroyed. System corrupted by crushing effect (+3). Core Shielding destroyed. R-06 Scavenger destroyed. K-01 Serf collects debris. EM Pulse Gun destroyed. Map ----- +----------------------------------------------------+ | | | | | | | | | | | | | | | ??????????????????????????????????????????? | | ??????????????????????????????????????????? | | ????????????????????#####?????????????????? | | ??????????????????? #?????????????????? | | ??????????????????? #?????????????????? | | ???????????????????< #?????????????????? | | ???????????????????? ??????????????????? | | ???????????????????? ??????????????????? | | ????????????????????# #??????????????????? | | ?????????????????#### #??????????????????? | | ?????????????##### # #??????????????????? | | ?????????##### # ##?????????????????? | | ??????#### ##????????????????? | | ??????# #????????????????? | | ??????? r #????????????????? | | ?????????# ##???????????????? | | ?????????# t % ##??????????????? | | ?????????# d k##?????????????? | | ??????????# @ u ##????????????? | | ??????????#### ### #????????????? | | ?????????????## ### #????????????? | | ??????? ### #????????????? | | ????# ###### t d %"#????????????? | | ??????????????## #####????????????? | | ???????????????## # #???????????????? | | ????????????????## ##???????????????? | | ?????????????????###### ##????????????????? | | ??????????????????????# #?????????????????? | | ?????????????????????? ?????????????????? | | ?????????????????????? ????????????????? | | ?????????????????????? ####???????????????? | | ?????????????????????? ???????????????????? | | ?????????????????????? ???????????????????? | | ?????????????????????? ???????????????????? | | ?????????????????????? ???????????????????? | | ?????????????????????? ???????????????????? | | ?????????????????????? ???????????????????? | | ?????????????????????? ???????????????????? | | ??????????????????????????????????????????? | | ??????????????????????????????????????????? | | ??????????????????????????????????????????? | | ??????????????????????????????????????????? | | ??????????????????????????????????????????? | +----------------------------------------------------+ Best States ------------- Heat Dissipation 25 Energy Generation 10 Energy Capacity 250 Matter Stores 300 Matter Capacity 300 Sight Range 16 Terrain Scan Density 10 Resistance: KI 20 Resistance: TH 20 Resistance: EX 20 Resistance: EM 20 Resistance: I 20 Resistance: S 20 Resistance: P 20 Core Shielding 20 Evasion (%) 55 Offensive Hacking 10 Item Schematics ----------------- None Robot Schematics ------------------ None Fabricated ------------ Nothing Alien Tech Used ----------------- None Achievements -------------- None Challenges ------------ None Game ------ Seed SegregatorSkeletonWand Manual? 0 Play Time 00:13:19 Cumulative 118.2 hours Start 2023.05.08 @ 12:20:03 End 2023.05.08 @ 12:33:53 Sessions 1 Manual Loads 0 Difficulty Adventurer Special Mode None Game No. 112 Rogue 72 Adventurer 40 Explorer 0 Win Type - Total 0 Types 0/0/0/0/0/0/0/0/0 Lore% 41 Gallery% 53 Achievement% 39 Wizard Run 0 Options --------- ASCII 0 Keyboard 0 Movement Mouse Keybinds 0 Fullscreen 1 Font 12/Smallcaps Map View 83x54 Tactical HUD 0 Map Filters NONE Filters NONE Steam 1 RUN: f97d40a6-3a80-4ed4-8dd7-d0d0172c2bc8